 Dungeon Crawl Stone Soup version 0.25.0-10-g039870ee82 (webtiles) character file.

Game seed: 12831722769840085246

297 mopl the Insei (level 6, -2/38 HPs)
             Began as an Octopode Transmuter on June 23, 2020.
             Killed from afar by an orc wizard (7 damage)
             ... with a magic dart
             ... on level 4 of the Dungeon.
             The game lasted 00:04:41 (2773 turns).

mopl the Insei (Octopode Transmuter)                Turns: 2773, Time: 00:04:42

Health: -2/38      AC:  2    Str: 10    XL:     6   Next: 35%
Magic:  8/10       EV: 20    Int: 15    God:
Gold:   167        SH:  0    Dex: 19    Spells: 5/11 levels left

rFire    . . .     SeeInvis .     - Unarmed
rCold    . . .     Gourm    .   (shield currently unavailable)
rNeg     . . .     Faith    .   (helmet currently unavailable)
rPois    x         Spirit   .   (no amulet)
rElec    .         Reflect  .   (no ring)
rCorr    .         Harm     .   (no ring)
MR       .....                  (no ring)
Stlth    ++........             (no ring)
HPRegen  0.12/turn              (no ring)
MPRegen  0.12/turn              (no ring)
                                (no ring)
                                (no ring)

@: spider-form
A: tiny, almost no armour, stealthy swim, (amphibious), 8 rings, (constrict 8)
a: End Transformation


You were on level 4 of the Dungeon.
You were hungry.
You were a venomous arachnid creature.
You visited 1 branch of the dungeon, and saw 4 of its levels.

You collected 167 gold pieces.

Inventory:

Hand Weapons
 o - a +1 vorpal hunting sling
Missiles
 a - 45 arrows
 d - 153 stones (quivered)
 p - 21 poisoned darts
Wands
 r - a wand of paralysis (6)
Scrolls
 b - a scroll of immolation {unknown}
 e - 5 scrolls of identify
 g - a scroll of fear {unknown}
 h - 3 scrolls of remove curse {unknown}
 i - a scroll of enchant weapon {unknown}
 j - 8 scrolls of magic mapping {unknown}
 n - 2 scrolls of teleportation {unknown}
Potions
 f - 4 potions of stabbing
 l - a potion of heal wounds
 q - a potion of might {unknown}
Comestibles
 c - 8 rations


   Skills:
 - Level 1.0 Fighting
 - Level 2.0 Dodging
 * Level 5.2 Unarmed Combat
 + Level 3.2 Spellcasting
 + Level 3.4 Transmutations
 - Level 2.0 Poison Magic


You had 5 spell levels left.
You knew the following spells:

 Your Spells              Type           Power        Failure   Level  Hunger
a - Beastly Appendage     Tmut           ##....       14%         1    #......
b - Spider Form           Tmut/Pois      ##........   38%         3    ###....
w - Sticks to Snakes      Tmut           ##......     19%         2    ##.....

Your spell library contained the following spells:

 Spells                   Type           Power        Failure   Level  Hunger
 Ice Form                 Ice/Tmut       #.......     85%         4    #####..
 Blade Hands              Tmut           ##........   91%         5    ######.


Dungeon Overview and Level Annotations

Branches:
Dungeon (4/15)
 Temple: D:4-7

Altars:
Gozag
Makhleb
Ru
Trog
Vehumet
Xom


Innate Abilities, Weirdness & Mutations

You cannot wear most types of armour.
You are very stealthy in the water. (Stealth+)
((You are amphibious.))
You can wear up to eight rings at the same time.
((You can use your tentacles to constrict eight enemies at once.))
((Your skin changes colour to match your surroundings (Stealth+).))
((Your rubbery body absorbs attacks. (AC +1, EV +1)))


Message History

The adder bites you.
* * * LOW HITPOINT WARNING * * *
Things that are here:
a +2 hand axe of flaming; a +0 leather armour You hit the orc priest.
The orc priest is moderately wounded.
The orc priest misses you. The adder bites you.
* * * LOW HITPOINT WARNING * * *
You hit the orc priest.
The orc priest is poisoned.
The orc priest is heavily wounded.
You kill the adder!
The orc priest completely misses you.
You hit the orc priest.
You kill the orc priest!
The orc wizard hits you with a +0 dagger.
* * * LOW HITPOINT WARNING * * *
You barely miss the orc wizard. The orc wizard casts a spell at you.
The magic dart hits you!
You die...

###................#####
#..................##..#
#.........[..)?.....#..#
###<...........)......#..#
#..............)....#....#
>.......##..................#
#...##..######...........####
....##..## ##..........#
.........######.s........#
..........##...)o........#
........................)#
............##........).#
..........####.........)#
....o.....# #...[......#
...........# ##########.#
.>.......#..# #.#
.............# #.#


You could see an orc wizard.

Vanquished Creatures
  A hound (D:3)
  An orc priest (D:4)
  2 orc wizards (D:4)
  Jessica (D:3)
  Ijyb (D:3)
  5 adders
  A worm (D:2)
  3 dart slugs
  2 leopard geckos (D:3)
  9 orcs
  A ball python (D:1)
  7 bats
  2 giant cockroaches
  6 goblins
  9 hobgoblins
  11 kobolds
  A quokka (D:4)
  3 frilled lizards
  5 rats
71 creatures vanquished.

Notes
Turn   | Place    | Note
-------+----------+-------------------------------------------
     0 | D:1      | mopl the Octopode Transmuter began the quest for the Orb.
     0 | D:1      | Reached XP level 1. HP: 13/13 MP: 3/3
   170 | D:1      | Reached XP level 2. HP: 9/18 MP: 3/5
   188 | D:1      | Learned a level 2 spell: Sticks to Snakes
   385 | D:1      | Reached XP level 3. HP: 19/23 MP: 6/6
   390 | D:1      | Learned a level 3 spell: Spider Form
   863 | D:2      | Found a radiant altar of Vehumet.
  1003 | D:2      | Found an opulent altar of Gozag.
  1507 | D:3      | Reached skill level 1 in Poison Magic
  1507 | D:3      | Reached XP level 4. HP: 28/28 MP: 7/7
  1571 | D:3      | Noticed Ijyb
  1583 | D:3      | Killed Ijyb
  1583 | D:3      | Reached skill level 4 in Unarmed Combat
  1596 | D:3      | You fall into a shaft and drop 1 floor!
  1975 | D:3      | Reached XP level 5. HP: 27/33 MP: 5/9
  1995 | D:3      | Noticed Jessica
  2038 | D:3      | Killed Jessica
  2088 | D:3      | Found a bloodstained altar of Trog.
  2144 | D:3      | Found a burning altar of Makhleb.
  2250 | D:3      | Found a sacrificial altar of Ru.
  2251 | D:3      | Found a shimmering altar of Xom.
  2444 | D:4      | Reached XP level 6. HP: 19/38 MP: 3/10
  2452 | D:4      | Reached skill level 5 in Unarmed Combat
  2751 | D:4      | Identified the +3 flail "Undertaker" {flame, Str+4}
  2773 | D:4      | Killed from afar by an orc wizard

Illustrated notes

Levels and vault maps discovered:
D:1:      dpeg_arrival_court, layout_loops_ring, dk_noncrumbling_2
D:2:      layout_basic, lemuel_coloured_pillars_altar, lemuel_doored_altar
D:3:      layout_rooms, bloody_trog, makhleb_heckhound_becter,
          grunt_temple_overflow_open, first_ration, uniq_ijyb, uniq_jessica
D:4:      layout_rooms, minmay_goblin_outpost

Skill      XL: |  1  2  3  4  5  6 |
---------------+-------------------+-----
Poison Magic   | 1 2 |  2.0
Unarmed Combat | 4 5 |  5.2
Transmutations | 3 |  3.4
Spellcasting   | 3 |  3.2
Fighting       | |  1.0
Dodging        | |  2.0

Action                   |  1- 3 |  4- 6 || total
-------------------------+-------+-------++-------
Melee: Unarmed           |    72 |    98 ||   170
       Constrict         |    25 |    11 ||    36
       Tentacles         |    13 |    10 ||    23
       Kick              |    10 |     8 ||    18
       Punch             |     2 |     2 ||     4
 Cast: Beastly Appendage |     6 |    10 ||    16
       Spider Form       |       |     5 ||     5
  Use: Scroll            |     5 |       ||     5
       Potion            |       |     1 ||     1
 Stab: Sleeping          |    11 |     2 ||    13
  Eat: Chunk             |     1 |     5 ||     6
Armor: Skin              |     7 |     4 ||    11
Dodge: Dodged            |    49 |    82 ||   131
